Havana Tropicals vs Santa Cruz Tiger Sharks
Created - Wednesday, July 19, 2023 at 06:17
Goals
|
| Havana Tropicals |
0 |
1 |
1 |
0 |
1 |
3 |
| Santa Cruz Tiger Sharks |
0 |
1 |
1 |
0 |
0 |
2 |
|
Shots
|
| Havana Tropicals |
13 |
10 |
19 |
1 |
8 |
51 |
| Santa Cruz Tiger Sharks |
11 |
9 |
16 |
4 |
1 |
41 |
|
1st period
No Goal
Penalties :
Pavel Dorofeyev (HAV) for Holding (Minor) at 19:48
2nd period
1. Havana Tropicals , Zach Aston-Reese 7 (Teddy Blueger 11, Pierre-Edouard Bellemare 11) at 4:53
2. Santa Cruz Tiger Sharks , David Gustafsson 2 (Evgeny Svechnikov 2) at 8:31
Penalties :
Tucker Poolman (HAV) for Hooking (Minor) at 6:06, Nolan Foote (HAV) for Cross-checking (Minor) at 16:21
3rd period
3. Havana Tropicals , Teddy Blueger 10 (Pierre-Edouard Bellemare 12, Zach Aston-Reese 8) at 2:39 (PP)
4. Santa Cruz Tiger Sharks , Jack Roslovic 12 (Travis Boyd 11, Kailer Yamamoto 16) at 8:01 (PP)
Penalties :
Zachary Sanford (SCS) for Hooking (Minor) at 2:28, Philipp Kurashev (HAV) for Hooking (Minor) at 4:39, Pavel Dorofeyev (HAV) for Interference (Minor) at 7:10
Overtime #1
No Goal
Penalties :
Timothy Liljegren (HAV) for Holding (Minor) at 8:08
Overtime #2
5. Havana Tropicals , Pavel Dorofeyev 2 (Emil Bemstrom 3, Philipp Kurashev 5) at 9:01
Penalties :
No Penalty
Goalie Stats
Eric Comrie (HAV), 39 saves from 41 shots - (0.951), W, 10-2-5, 89:01 minutes
Carter Hart (SCS), 48 saves from 51 shots - (0.941), OTL, 11-3-1, 89:01 minutes
Players Stats for Havana Tropicals
Player Name G A P +/- PIM S H SB GA TA FO MP PP MP PK MP
------------------------------------------------------------------------------------
Alexander Nylander 0 0 0 0 0 3 0 2 0 0 0/0 13:42 0:00 0:00
Chris Tierney 0 0 0 0 0 7 3 1 0 0 15/30 25:52 0:00 5:07
Dean Kukan 0 0 0 2 0 2 0 1 0 0 0/0 23:41 0:00 0:21
Dennis Cholowski 0 0 0 2 0 3 0 0 0 0 0/0 24:59 0:00 2:05
Emil Bemstrom 0 1 1 1 0 2 0 0 1 0 1/1 22:12 0:00 0:00
Henrik Borgstrom 0 0 0 0 0 1 0 0 0 0 2/6 13:42 0:00 0:00
Milan Lucic 0 0 0 0 0 2 1 0 0 0 2/4 25:52 0:00 5:07
Nolan Foote 0 0 0 0 2 1 3 0 0 1 0/1 14:04 0:00 0:12
Pavel Dorofeyev 1 0 1 1 4 2 2 0 1 2 1/1 22:10 0:00 0:00
Philipp Kurashev 0 1 1 1 2 2 1 0 1 1 1/8 22:31 0:00 0:00
Pierre-Edouard Bellemare 0 2 2 0 0 4 0 0 0 0 1/1 27:01 0:11 5:27
Robert Bortuzzo 0 0 0 -1 0 0 0 2 1 0 0/0 35:37 0:11 5:14
Samuel Blais 0 0 0 0 0 4 1 0 1 0 0/0 20:36 0:00 0:00
Teddy Blueger 1 1 2 0 0 7 2 0 0 1 16/24 27:01 0:11 5:27
Timothy Liljegren 0 0 0 0 2 3 1 1 1 1 0/0 28:46 0:00 4:45
Tucker Poolman 0 0 0 -1 2 1 1 3 1 2 0/0 27:53 0:00 3:53
Zach Aston-Reese 1 1 2 1 0 6 4 0 0 1 0/2 21:59 0:11 0:12
Zach Whitecloud 0 0 0 -1 0 1 3 2 0 0 0/0 36:35 0:11 5:14
Players Stats for Santa Cruz Tiger Sharks
Player Name G A P +/- PIM S H SB GA TA FO MP PP MP PK MP
------------------------------------------------------------------------------------
Alexander Volkov 0 0 0 0 0 3 0 0 0 1 0/1 20:10 0:02 0:00
Austin Strand 0 0 0 0 0 0 0 0 0 1 0/0 33:54 4:18 0:11
Calle Rosen 0 0 0 0 0 3 1 1 1 0 0/0 33:38 4:18 0:11
David Gustafsson 1 0 1 1 0 3 2 2 1 0 4/4 15:08 0:00 0:00
Evgeny Svechnikov 0 1 1 1 0 3 3 0 1 0 0/0 15:27 0:02 0:00
Hunter Drew 0 0 0 0 0 1 3 0 0 0 0/0 22:24 0:32 0:00
Jack Roslovic 1 0 1 0 0 3 1 1 0 1 18/30 26:42 5:06 0:11
Jesper Boqvist 0 0 0 -2 0 6 0 0 0 0 1/2 27:01 5:38 0:00
Kailer Yamamoto 0 1 1 0 0 3 3 0 1 0 0/1 26:58 5:06 0:11
Kevin Rooney 0 0 0 0 0 1 2 1 0 0 0/6 20:10 0:02 0:00
Kieffer Bellows 0 0 0 0 0 2 1 1 5 0 0/0 19:51 0:00 0:00
Kristians Rubins 0 0 0 -1 0 1 5 0 0 0 0/0 32:43 5:56 0:00
Michael McLeod 0 0 0 -2 0 1 3 1 0 2 14/30 27:01 5:38 0:00
Sean Day 0 0 0 -1 0 1 2 1 0 0 0/0 32:47 5:56 0:00
Steven Lorentz 0 0 0 1 0 2 5 0 0 0 1/1 15:08 0:00 0:00
Travis Boyd 0 1 1 0 0 2 3 0 0 1 1/3 26:31 5:06 0:00
Wyatt Kalynuk 0 0 0 0 0 2 3 1 0 1 0/0 22:20 0:32 0:00
Zachary Sanford 0 0 0 -2 2 4 4 1 0 0 0/0 27:00 5:38 0:00
3 Stars
1 - Zach Aston-Reese (HAV)
2 - Eric Comrie (HAV)
3 - Carter Hart (SCS)
Power Play
Havana Tropicals - 1 on 1 Attempt(s) - 100.00%
Santa Cruz Tiger Sharks - 1 on 6 Attempt(s) - 16.67%
Penalty Kill
Havana Tropicals - 5 on 6 Attempt(s) - 83.33%
- Score 0 goal in Penalty Kill
Santa Cruz Tiger Sharks - 0 on 1 Attempt(s) - 0.00%
- Score 0 goal in Penalty Kill
Team Stat
Havana Tropicals - Hits : 22 - Faceoff Wins : 39 - Blocked Shots : 12 - Penalty Minutes : 12
Santa Cruz Tiger Sharks - Hits : 41 - Faceoff Wins : 39 - Blocked Shots : 10 - Penalty Minutes : 2
Official
Referees : Tim Peel and TJ Luxmore
Linesman : Ryan Gibbons and Devin Berg
Game Notes
9:01 of 2nd overtime period - Havana Tropicals goal is going for a video replay. After video review, Goal.
Havana Tropicals
5 vs 5 Forward
Center Left Wing Right Wing Time % Phy DF OF
1 Teddy Blueger Pierre-Edouard Bellemare Zach Aston-Reese 30 1 2 2
2 Chris Tierney Milan Lucic Samuel Blais 30 1 2 2
3 Philipp Kurashev Emil Bemstrom Pavel Dorofeyev 25 1 2 2
4 Henrik Borgstrom Nolan Foote Alexander Nylander 15 1 2 2
5 vs 5 Defense
Defense Defense Time % Phy DF OF
1 Zach Whitecloud Robert Bortuzzo 30 1 2 2
2 Timothy Liljegren Tucker Poolman 30 1 2 2
3 Dean Kukan Dennis Cholowski 25 1 2 2
4 Zach Whitecloud Robert Bortuzzo 15 1 2 2
PowerPlay Forward
Center Left Wing Right Wing Time % Phy DF OF
1 Teddy Blueger Pierre-Edouard Bellemare Zach Aston-Reese 50 1 2 2
2 Chris Tierney Milan Lucic Samuel Blais 50 1 2 2
PowerPlay Defense
Defense Defense Time % Phy DF OF
1 Zach Whitecloud Robert Bortuzzo 50 1 2 2
2 Timothy Liljegren Tucker Poolman 50 1 2 2
Penalty Kill 4 Players Forward
Center Wing Time % Phy DF OF
1 Teddy Blueger Pierre-Edouard Bellemare 50 1 2 2
2 Chris Tierney Milan Lucic 50 1 2 2
Penalty Kill 4 Players Defense
Defense Defense Time % Phy DF OF
1 Zach Whitecloud Robert Bortuzzo 50 1 2 2
2 Timothy Liljegren Tucker Poolman 50 1 2 2
Penalty Kill - 3 Players Forward
Forward Time % Phy DF OF
1 Teddy Blueger 50 1 2 2
2 Pierre-Edouard Bellemare 50 1 2 2
Penalty Kill - 3 Players Defense
Defense Defense Time % Phy DF OF
1 Zach Whitecloud Robert Bortuzzo 50 1 2 2
2 Timothy Liljegren Tucker Poolman 50 1 2 2
4 vs 4 Forward
Center Wing Time % Phy DF OF
1 Teddy Blueger Pierre-Edouard Bellemare 50 1 2 2
2 Chris Tierney Milan Lucic 50 1 2 2
4 vs 4 Defense
Defense Defense Time % Phy DF OF
1 Zach Whitecloud Robert Bortuzzo 50 1 2 2
2 Timothy Liljegren Tucker Poolman 50 1 2 2
Last Minutes Offensive
Center Left Wing Right Wing Defense Defense
Teddy Blueger Pierre-Edouard Bellemare Zach Aston-Reese Zach Whitecloud Robert Bortuzzo
Last Minutes Defensive
Center Left Wing Right Wing Defense Defense
Teddy Blueger Pierre-Edouard Bellemare Zach Aston-Reese Zach Whitecloud Robert Bortuzzo
Goaltenders
Starting : Eric Comrie
Backup : Arvid Soderblom
Extra Forwards
Normal : Philipp Kurashev, Emil Bemstrom, Nolan Foote - PP : Philipp Kurashev, Emil Bemstrom - PK : Nolan Foote
Extra Defensemen
Normal : Dean Kukan, Dennis Cholowski, Timothy Liljegren - PP : Dean Kukan - PK : Dennis Cholowski, Timothy Liljegren
Penalty Shots
Teddy Blueger, Pierre-Edouard Bellemare, Chris Tierney, Milan Lucic, Zach Aston-Reese
Santa Cruz Tiger Sharks
5 vs 5 Forward
Center Left Wing Right Wing Time % Phy DF OF
1 Jack Roslovic Travis Boyd Kailer Yamamoto 30 1 2 2
2 Michael McLeod Zachary Sanford Jesper Boqvist 30 1 2 2
3 Kevin Rooney Kieffer Bellows Alexander Volkov 25 1 2 2
4 David Gustafsson Evgeny Svechnikov Steven Lorentz 15 1 2 2
5 vs 5 Defense
Defense Defense Time % Phy DF OF
1 Austin Strand Calle Rosen 35 1 2 2
2 Sean Day Kristians Rubins 35 1 2 2
3 Hunter Drew Wyatt Kalynuk 30 1 2 2
4 Austin Strand Calle Rosen 0 1 2 2
PowerPlay Forward
Center Left Wing Right Wing Time % Phy DF OF
1 Jack Roslovic Travis Boyd Kailer Yamamoto 50 1 2 2
2 Michael McLeod Zachary Sanford Jesper Boqvist 50 1 2 2
PowerPlay Defense
Defense Defense Time % Phy DF OF
1 Austin Strand Calle Rosen 50 1 2 2
2 Sean Day Kristians Rubins 50 1 2 2
Penalty Kill 4 Players Forward
Center Wing Time % Phy DF OF
1 Jack Roslovic Kailer Yamamoto 50 1 2 2
2 Michael McLeod Travis Boyd 50 1 2 2
Penalty Kill 4 Players Defense
Defense Defense Time % Phy DF OF
1 Austin Strand Calle Rosen 50 1 2 2
2 Sean Day Kristians Rubins 50 1 2 2
Penalty Kill - 3 Players Forward
Forward Time % Phy DF OF
1 Jack Roslovic 50 1 2 2
2 Kailer Yamamoto 50 1 2 2
Penalty Kill - 3 Players Defense
Defense Defense Time % Phy DF OF
1 Austin Strand Calle Rosen 50 1 2 2
2 Sean Day Kristians Rubins 50 1 2 2
4 vs 4 Forward
Center Wing Time % Phy DF OF
1 Jack Roslovic Kailer Yamamoto 50 1 2 2
2 Michael McLeod Travis Boyd 50 1 2 2
4 vs 4 Defense
Defense Defense Time % Phy DF OF
1 Austin Strand Calle Rosen 50 1 2 2
2 Sean Day Kristians Rubins 50 1 2 2
Last Minutes Offensive
Center Left Wing Right Wing Defense Defense
Jack Roslovic Travis Boyd Kailer Yamamoto Austin Strand Calle Rosen
Last Minutes Defensive
Center Left Wing Right Wing Defense Defense
Jack Roslovic Travis Boyd Kailer Yamamoto Austin Strand Calle Rosen
Goaltenders
Starting : Carter Hart
Backup : Mikhail Berdin
Extra Forwards
Normal : Kevin Rooney, Alexander Volkov, Steven Lorentz - PP : Kevin Rooney, Alexander Volkov - PK : Steven Lorentz
Extra Defensemen
Normal : Hunter Drew, Wyatt Kalynuk, Sean Day - PP : Hunter Drew - PK : Wyatt Kalynuk, Sean Day
Penalty Shots
Jack Roslovic, Kailer Yamamoto, Michael McLeod, Travis Boyd, Zachary Sanford
% Time on Ice - Havana Tropicals
Lines # - Real PCT - Wanted PCT - Time Play
Normal Forward
1 - 27% - 30% - 21:23
2 - 27% - 30% - 20:47
3 - 28% - 25% - 22:12
4 - 18% - 15% - 13:42
Normal Defense
1 - 28% - 30% - 21:38
2 - 31% - 30% - 24:13
3 - 29% - 25% - 22:41
4 - 12% - 15% - 9:32
PP Forward
1 - 100% - 50% - 0:11
2 - 0% - 50% - 0:00
PP Defense
1 - 100% - 50% - 0:11
2 - 0% - 50% - 0:00
PK Forward
1 - 51% - 50% - 5:27
2 - 49% - 50% - 5:19
PK Defense
1 - 49% - 50% - 5:14
2 - 51% - 50% - 5:32
PK3 Forward
1 - 0% - 50%
2 - 0% - 50%
PK3 Defense
1 - 0% - 50%
2 - 0% - 50%
44 Forward
1 - 0% - 50%
2 - 0% - 50%
44 Defense
1 - 0% - 50%
2 - 0% - 50%
Last Minute Offensive - 0:00
Last Minute Defensive - 0:00
Total
Forward - 89:01
Defense - 89:01
|
% Time on Ice - Santa Cruz Tiger Sharks
Lines # - Real PCT - Wanted PCT - Time Play
Normal Forward
1 - 27% - 30% - 21:25
2 - 28% - 30% - 21:40
3 - 25% - 25% - 19:51
4 - 19% - 15% - 15:08
Normal Defense
1 - 37% - 35% - 28:43
2 - 34% - 35% - 26:31
3 - 28% - 30% - 22:08
4 - 1% - 0% - 0:42
PP Forward
1 - 47% - 50% - 5:06
2 - 53% - 50% - 5:40
PP Defense
1 - 45% - 50% - 4:50
2 - 55% - 50% - 5:56
PK Forward
1 - 100% - 50% - 0:11
2 - 0% - 50% - 0:00
PK Defense
1 - 100% - 50% - 0:11
2 - 0% - 50% - 0:00
PK3 Forward
1 - 0% - 50%
2 - 0% - 50%
PK3 Defense
1 - 0% - 50%
2 - 0% - 50%
44 Forward
1 - 0% - 50%
2 - 0% - 50%
44 Defense
1 - 0% - 50%
2 - 0% - 50%
Last Minute Offensive - 0:00
Last Minute Defensive - 0:00
Total
Forward - 89:01
Defense - 89:01
|
Play-by-Play
1st period
0:01 of 1st period - Teddy Blueger wins face-off versus Jack Roslovic in neutral zone.
0:08 of 1st period - Snap shot by Pierre-Edouard Bellemare.
0:08 of 1st period - Shot Misses the Net.
1:19 of 1st period - Wrist shot by Nolan Foote.
1:19 of 1st period - Shot Blocked by David Gustafsson.
2:17 of 1st period - Slapshot by Alexander Volkov.
2:17 of 1st period - Stopped by Eric Comrie with a rebound.
3:29 of 1st period - Snap shot by Kieffer Bellows.
3:29 of 1st period - Deflect By Alexander Volkov.
3:29 of 1st period - Shot Blocked by Robert Bortuzzo.
3:29 of 1st period - Puck is out of play.
3:30 of 1st period - Michael McLeod wins face-off versus Chris Tierney in Havana Tropicals zone.
4:33 of 1st period - Off-side.
4:34 of 1st period - David Gustafsson wins face-off versus Henrik Borgstrom in neutral zone.
5:00 of 1st period - Chris Tierney is hit by Zachary Sanford and loses puck.
5:30 of 1st period - Travis Boyd is hit by Zach Aston-Reese and loses puck.
5:41 of 1st period - Emil Bemstrom is hit by Wyatt Kalynuk and loses puck.
6:22 of 1st period - Dennis Cholowski is hit by Michael McLeod and loses puck.
6:41 of 1st period - Dean Kukan is hit by Kailer Yamamoto and loses puck.
6:48 of 1st period - Sean Day is hit by Milan Lucic and loses puck.
6:57 of 1st period - Snap shot by Samuel Blais.
6:57 of 1st period - Stopped by Carter Hart without a rebound.
6:58 of 1st period - Teddy Blueger wins face-off versus Michael McLeod in Santa Cruz Tiger Sharks zone.
6:59 of 1st period - Slapshot by Pierre-Edouard Bellemare.
6:59 of 1st period - Shot Hit the Post.
7:01 of 1st period - Wrist shot by Pierre-Edouard Bellemare.
7:01 of 1st period - Shot Misses the Net.
7:08 of 1st period - Slapshot by Teddy Blueger.
7:08 of 1st period - Stopped by Carter Hart with a rebound.
7:10 of 1st period - Snap shot by Pierre-Edouard Bellemare.
7:10 of 1st period - Shot Misses the Net.
7:26 of 1st period - Snap shot by Emil Bemstrom.
7:26 of 1st period - Shot Misses the Net.
7:51 of 1st period - Icing by Jack Roslovic.
7:52 of 1st period - Jack Roslovic wins face-off versus Nolan Foote in Santa Cruz Tiger Sharks zone.
8:11 of 1st period - Snap shot by Kailer Yamamoto.
8:11 of 1st period - Shot Misses the Net.
8:13 of 1st period - Slapshot by Travis Boyd.
8:13 of 1st period - Stopped by Eric Comrie with a rebound.
8:19 of 1st period - Sean Day is hit by Zach Whitecloud and loses puck.
8:43 of 1st period - Snap shot by Zach Aston-Reese.
8:43 of 1st period - Shot Blocked by Zachary Sanford.
9:29 of 1st period - Icing by Austin Strand.
9:30 of 1st period - Chris Tierney wins face-off versus Michael McLeod in Santa Cruz Tiger Sharks zone.
9:37 of 1st period - Snap shot by Chris Tierney.
9:37 of 1st period - Stopped by Carter Hart with a rebound.
10:03 of 1st period - Slapshot by Alexander Volkov.
10:03 of 1st period - Stopped by Eric Comrie with a rebound.
10:05 of 1st period - Snap shot by Kevin Rooney.
10:05 of 1st period - Stopped by Eric Comrie with a rebound.
10:15 of 1st period - Snap shot by Emil Bemstrom.
10:15 of 1st period - Shot Blocked by Wyatt Kalynuk.
10:17 of 1st period - Slapshot by Zach Whitecloud.
10:17 of 1st period - Stopped by Carter Hart without a rebound.
10:18 of 1st period - Jack Roslovic wins face-off versus Philipp Kurashev in Santa Cruz Tiger Sharks zone.
10:22 of 1st period - Icing by Travis Boyd.
10:23 of 1st period - Teddy Blueger wins face-off versus Jack Roslovic in Santa Cruz Tiger Sharks zone.
10:36 of 1st period - Wrist shot by Teddy Blueger.
10:36 of 1st period - Shot Misses the Net.
10:38 of 1st period - Snap shot by Teddy Blueger.
10:38 of 1st period - Stopped by Carter Hart with a rebound.
10:56 of 1st period - Snap shot by Jesper Boqvist.
10:56 of 1st period - Stopped by Eric Comrie with a rebound.
10:58 of 1st period - Slapshot by Sean Day.
10:58 of 1st period - Shot Misses the Net.
11:39 of 1st period - Snap shot by David Gustafsson.
11:39 of 1st period - Shot Misses the Net.
11:55 of 1st period - Travis Boyd is hit by Nolan Foote and loses puck.
12:50 of 1st period - Snap shot by Milan Lucic.
12:50 of 1st period - Deflect By Chris Tierney.
12:50 of 1st period - Stopped by Carter Hart without a rebound.
12:51 of 1st period - Michael McLeod wins face-off versus Teddy Blueger in Santa Cruz Tiger Sharks zone.
12:56 of 1st period - Snap shot by Jesper Boqvist.
12:56 of 1st period - Shot Misses the Net.
12:58 of 1st period - Backhand shot by Zachary Sanford.
12:58 of 1st period - Shot Misses the Net.
13:00 of 1st period - Slapshot by Michael McLeod.
13:00 of 1st period - Shot Hit the Post.
13:02 of 1st period - Snap shot by Zachary Sanford.
13:02 of 1st period - Shot Misses the Net.
13:50 of 1st period - Pavel Dorofeyev is hit by Travis Boyd and loses puck.
14:05 of 1st period - Wrist shot by Henrik Borgstrom.
14:05 of 1st period - Stopped by Carter Hart with a rebound.
14:07 of 1st period - Slapshot by Tucker Poolman.
14:07 of 1st period - Stopped by Carter Hart with a rebound.
14:09 of 1st period - Slapshot by Tucker Poolman.
14:09 of 1st period - Shot Misses the Net.
14:11 of 1st period - Slapshot by Timothy Liljegren.
14:11 of 1st period - Stopped by Carter Hart with a rebound.
14:13 of 1st period - Snap shot by Nolan Foote.
14:13 of 1st period - Stopped by Carter Hart without a rebound.
14:14 of 1st period - Teddy Blueger wins face-off versus Michael McLeod in Santa Cruz Tiger Sharks zone.
14:21 of 1st period - Snap shot by Teddy Blueger.
14:21 of 1st period - Shot Blocked by Michael McLeod.
14:31 of 1st period - Zach Aston-Reese is hit by Zachary Sanford and loses puck.
14:44 of 1st period - Icing by Travis Boyd.
14:45 of 1st period - Jack Roslovic wins face-off versus Chris Tierney in Santa Cruz Tiger Sharks zone.
15:27 of 1st period - Icing by Jesper Boqvist.
15:28 of 1st period - Teddy Blueger wins face-off versus Kevin Rooney in Santa Cruz Tiger Sharks zone.
16:00 of 1st period - Slapshot by Zachary Sanford.
16:00 of 1st period - Shot Blocked by Robert Bortuzzo.
16:02 of 1st period - Snap shot by Jesper Boqvist.
16:02 of 1st period - Stopped by Eric Comrie without a rebound.
16:03 of 1st period - Jack Roslovic wins face-off versus Philipp Kurashev in Havana Tropicals zone.
16:32 of 1st period - Icing by Milan Lucic.
16:33 of 1st period - David Gustafsson wins face-off versus Chris Tierney in Havana Tropicals zone.
16:34 of 1st period - Backhand shot by Evgeny Svechnikov.
16:34 of 1st period - Stopped by Eric Comrie without a rebound.
16:35 of 1st period - David Gustafsson wins face-off versus Chris Tierney in Havana Tropicals zone.
16:49 of 1st period - Wrist shot by Chris Tierney.
16:49 of 1st period - Stopped by Carter Hart with a rebound.
17:24 of 1st period - Slapshot by Wyatt Kalynuk.
17:24 of 1st period - Stopped by Eric Comrie with a rebound.
17:36 of 1st period - Snap shot by David Gustafsson.
17:36 of 1st period - Shot Misses the Net.
17:38 of 1st period - Slapshot by Wyatt Kalynuk.
17:38 of 1st period - Stopped by Eric Comrie with a rebound.
17:40 of 1st period - Slapshot by Steven Lorentz.
17:40 of 1st period - Stopped by Eric Comrie with a rebound.
18:04 of 1st period - Snap shot by Steven Lorentz.
18:04 of 1st period - Stopped by Eric Comrie without a rebound.
18:05 of 1st period - Teddy Blueger wins face-off versus Michael McLeod in Havana Tropicals zone.
18:17 of 1st period - Off-side.
18:18 of 1st period - Teddy Blueger wins face-off versus Michael McLeod in neutral zone.
18:29 of 1st period - Snap shot by Pierre-Edouard Bellemare.
18:29 of 1st period - Shot Misses the Net.
19:16 of 1st period - Slapshot by Alexander Nylander.
19:16 of 1st period - Stopped by Carter Hart without a rebound.
19:17 of 1st period - Teddy Blueger wins face-off versus Kevin Rooney in Santa Cruz Tiger Sharks zone.
19:20 of 1st period - Snap shot by Pierre-Edouard Bellemare.
19:20 of 1st period - Stopped by Carter Hart with a rebound.
19:48 of 1st period - Minor Penalty to Pavel Dorofeyev for Holding.
19:49 of 1st period - Travis Boyd wins face-off versus Teddy Blueger in Havana Tropicals zone.
19:57 of 1st period - Wrist shot by Travis Boyd.
19:57 of 1st period - Shot Hit the Post.
19:59 of 1st period - Slapshot by Austin Strand.
19:59 of 1st period - Shot Misses the Net.
Goals for this period are 0 for Havana Tropicals vs 0 for Santa Cruz Tiger Sharks.
Shots for this period are 13 for Havana Tropicals vs 11 for Santa Cruz Tiger Sharks.
2nd period
0:01 of 2nd period - Michael McLeod wins face-off versus Chris Tierney in neutral zone.
0:16 of 2nd period - Wrist shot by Zachary Sanford.
0:16 of 2nd period - Stopped by Eric Comrie with a rebound.
1:48 of 2nd period - Penalty to Pavel Dorofeyev is over, Pavel Dorofeyev is back on ice.
1:56 of 2nd period - Snap shot by Emil Bemstrom.
1:56 of 2nd period - Stopped by Carter Hart with a rebound.
1:58 of 2nd period - Wrist shot by Emil Bemstrom.
1:58 of 2nd period - Stopped by Carter Hart with a rebound.
2:00 of 2nd period - Slapshot by Philipp Kurashev.
2:00 of 2nd period - Shot Misses the Net.
2:02 of 2nd period - Snap shot by Emil Bemstrom.
2:02 of 2nd period - Shot Blocked by Kevin Rooney.
2:18 of 2nd period - Snap shot by Alexander Nylander.
2:18 of 2nd period - Shot Misses the Net.
2:36 of 2nd period - Slapshot by David Gustafsson.
2:36 of 2nd period - Stopped by Eric Comrie with a rebound.
3:02 of 2nd period - Wyatt Kalynuk is hit by Teddy Blueger and loses puck.
4:41 of 2nd period - Hunter Drew is hit by Zach Whitecloud and loses puck.
4:49 of 2nd period - Icing by Kailer Yamamoto.
4:50 of 2nd period - Pierre-Edouard Bellemare wins face-off versus Michael McLeod in Santa Cruz Tiger Sharks zone.
4:53 of 2nd period - Wrist shot by Zach Aston-Reese.
4:53 of 2nd period - Goal by Zach Aston-Reese - Havana Tropicals : 1 - Santa Cruz Tiger Sharks : 0.
4:54 of 2nd period - Teddy Blueger wins face-off versus Michael McLeod in neutral zone.
4:57 of 2nd period - Snap shot by Teddy Blueger.
4:57 of 2nd period - Stopped by Carter Hart with a rebound.
5:19 of 2nd period - Milan Lucic is hit by Jack Roslovic and loses puck.
6:04 of 2nd period - Slapshot by Evgeny Svechnikov.
6:04 of 2nd period - Shot Misses the Net.
6:06 of 2nd period - Minor Penalty to Tucker Poolman for Hooking.
6:07 of 2nd period - Chris Tierney wins face-off versus Michael McLeod in Havana Tropicals zone.
7:52 of 2nd period - Dennis Cholowski is hit by Kailer Yamamoto and loses puck.
8:06 of 2nd period - Penalty to Tucker Poolman is over, Tucker Poolman is back on ice.
8:17 of 2nd period - Snap shot by Alexander Volkov.
8:17 of 2nd period - Stopped by Eric Comrie with a rebound.
8:19 of 2nd period - Snap shot by Alexander Volkov.
8:19 of 2nd period - Shot Misses the Net.
8:29 of 2nd period - Snap shot by David Gustafsson.
8:29 of 2nd period - Stopped by Eric Comrie with a rebound.
8:31 of 2nd period - Wrist shot by David Gustafsson.
8:31 of 2nd period - Goal by David Gustafsson - Havana Tropicals : 1 - Santa Cruz Tiger Sharks : 1.
8:32 of 2nd period - Jack Roslovic wins face-off versus Philipp Kurashev in neutral zone.
9:29 of 2nd period - Slapshot by Alexander Volkov.
9:29 of 2nd period - Shot Misses the Net.
9:41 of 2nd period - Wrist shot by Evgeny Svechnikov.
9:41 of 2nd period - Stopped by Eric Comrie with a rebound.
10:24 of 2nd period - Robert Bortuzzo is hit by Kristians Rubins.
10:40 of 2nd period - Austin Strand is hit by Nolan Foote and loses puck.
11:23 of 2nd period - Dean Kukan is hit by David Gustafsson and loses puck.
12:06 of 2nd period - Alexander Nylander is hit by Kristians Rubins and loses puck.
12:21 of 2nd period - Pierre-Edouard Bellemare is hit by Travis Boyd and loses puck.
12:42 of 2nd period - Teddy Blueger is hit by Evgeny Svechnikov.
12:51 of 2nd period - Steven Lorentz is hit by Zach Aston-Reese and loses puck.
13:06 of 2nd period - Calle Rosen is hit by Teddy Blueger and loses puck.
13:26 of 2nd period - Pierre-Edouard Bellemare is hit by Steven Lorentz.
13:37 of 2nd period - Pierre-Edouard Bellemare is hit by Steven Lorentz.
13:49 of 2nd period - Wrist shot by Pierre-Edouard Bellemare.
13:49 of 2nd period - Stopped by Carter Hart with a rebound.
13:51 of 2nd period - Slapshot by Timothy Liljegren.
13:51 of 2nd period - Stopped by Carter Hart with a rebound.
13:53 of 2nd period - Snap shot by Teddy Blueger.
13:53 of 2nd period - Shot Misses the Net.
13:55 of 2nd period - Slapshot by Tucker Poolman.
13:55 of 2nd period - Shot Blocked by David Gustafsson.
13:57 of 2nd period - Snap shot by Zach Aston-Reese.
13:57 of 2nd period - Stopped by Carter Hart without a rebound.
13:58 of 2nd period - Michael McLeod wins face-off versus Chris Tierney in Santa Cruz Tiger Sharks zone.
14:11 of 2nd period - Slapshot by Chris Tierney.
14:11 of 2nd period - Shot Misses the Net.
14:13 of 2nd period - Backhand shot by Robert Bortuzzo.
14:13 of 2nd period - Shot Misses the Net.
14:25 of 2nd period - Icing by Kristians Rubins.
14:26 of 2nd period - Jack Roslovic wins face-off versus Philipp Kurashev in Santa Cruz Tiger Sharks zone.
14:33 of 2nd period - Slapshot by Emil Bemstrom.
14:33 of 2nd period - Shot Misses the Net.
14:59 of 2nd period - Wrist shot by Philipp Kurashev.
14:59 of 2nd period - Shot Misses the Net.
15:01 of 2nd period - Slapshot by Pavel Dorofeyev.
15:01 of 2nd period - Shot Hit the Post.
15:03 of 2nd period - Wrist shot by Emil Bemstrom.
15:03 of 2nd period - Shot Misses the Net.
15:05 of 2nd period - Wrist shot by Dean Kukan.
15:05 of 2nd period - Stopped by Carter Hart with a rebound.
15:28 of 2nd period - Off-side.
15:29 of 2nd period - Chris Tierney wins face-off versus Jack Roslovic in neutral zone.
15:58 of 2nd period - Icing by Austin Strand.
15:59 of 2nd period - Michael McLeod wins face-off versus Henrik Borgstrom in Santa Cruz Tiger Sharks zone.
16:07 of 2nd period - Wrist shot by Jesper Boqvist.
16:07 of 2nd period - Stopped by Eric Comrie with a rebound.
16:09 of 2nd period - Slapshot by Zachary Sanford.
16:09 of 2nd period - Stopped by Eric Comrie with a rebound.
16:15 of 2nd period - Snap shot by Jesper Boqvist.
16:15 of 2nd period - Shot Blocked by Tucker Poolman.
16:21 of 2nd period - Minor Penalty to Nolan Foote for Cross-checking.
16:22 of 2nd period - Chris Tierney wins face-off versus Kailer Yamamoto in Havana Tropicals zone.
16:27 of 2nd period - Wrist shot by Travis Boyd.
16:27 of 2nd period - Deflect By Kailer Yamamoto.
16:27 of 2nd period - Deflect By Tucker Poolman.
16:27 of 2nd period - Shot Blocked by Timothy Liljegren.
16:27 of 2nd period - Puck is out of play.
16:28 of 2nd period - Chris Tierney wins face-off versus Jack Roslovic in Havana Tropicals zone.
17:03 of 2nd period - Slapshot by Chris Tierney.
17:03 of 2nd period - Stopped by Carter Hart without a rebound.
17:04 of 2nd period - Chris Tierney wins face-off versus Travis Boyd in Santa Cruz Tiger Sharks zone.
18:21 of 2nd period - Penalty to Nolan Foote is over, Nolan Foote is back on ice.
18:43 of 2nd period - Snap shot by Kieffer Bellows.
18:43 of 2nd period - Shot Blocked by Zach Whitecloud.
18:45 of 2nd period - Snap shot by Kieffer Bellows.
18:45 of 2nd period - Shot Misses the Net.
18:59 of 2nd period - Wrist shot by Alexander Nylander.
18:59 of 2nd period - Stopped by Carter Hart with a rebound.
19:09 of 2nd period - Zach Whitecloud is hit by Wyatt Kalynuk and loses puck.
19:26 of 2nd period - Snap shot by Jesper Boqvist.
19:26 of 2nd period - Shot Misses the Net.
19:28 of 2nd period - Slapshot by Zachary Sanford.
19:28 of 2nd period - Stopped by Eric Comrie without a rebound.
19:29 of 2nd period - Chris Tierney wins face-off versus Kevin Rooney in Havana Tropicals zone.
Goals for this period are 1 for Havana Tropicals vs 1 for Santa Cruz Tiger Sharks.
Shots for this period are 10 for Havana Tropicals vs 9 for Santa Cruz Tiger Sharks.
3rd period
0:01 of 3rd period - Jack Roslovic wins face-off versus Chris Tierney in neutral zone.
0:08 of 3rd period - Slapshot by Jack Roslovic.
0:08 of 3rd period - Stopped by Eric Comrie with a rebound.
0:16 of 3rd period - Snap shot by Chris Tierney.
0:16 of 3rd period - Shot Blocked by Sean Day.
0:26 of 3rd period - Zach Aston-Reese is hit by Sean Day and loses puck.
1:13 of 3rd period - Wrist shot by Alexander Nylander.
1:13 of 3rd period - Stopped by Carter Hart with a rebound.
1:15 of 3rd period - Snap shot by Dennis Cholowski.
1:15 of 3rd period - Stopped by Carter Hart without a rebound.
1:16 of 3rd period - David Gustafsson wins face-off versus Milan Lucic in Santa Cruz Tiger Sharks zone.
1:16 of 3rd period - David Gustafsson is hit by Chris Tierney.
1:21 of 3rd period - Off-side.
1:22 of 3rd period - Chris Tierney wins face-off versus Jack Roslovic in neutral zone.
1:55 of 3rd period - Wrist shot by Jesper Boqvist.
1:55 of 3rd period - Stopped by Eric Comrie without a rebound.
1:56 of 3rd period - Jack Roslovic wins face-off versus Philipp Kurashev in Havana Tropicals zone.
2:07 of 3rd period - Snap shot by Philipp Kurashev.
2:07 of 3rd period - Stopped by Carter Hart without a rebound.
2:08 of 3rd period - Chris Tierney wins face-off versus Michael McLeod in Santa Cruz Tiger Sharks zone.
2:13 of 3rd period - Wrist shot by Chris Tierney.
2:13 of 3rd period - Deflect By Milan Lucic.
2:13 of 3rd period - Shot Misses the Net.
2:13 of 3rd period - Puck is out of play.
2:14 of 3rd period - Chris Tierney wins face-off versus Michael McLeod in Santa Cruz Tiger Sharks zone.
2:28 of 3rd period - Minor Penalty to Zachary Sanford for Hooking.
2:29 of 3rd period - Teddy Blueger wins face-off versus Jack Roslovic in Santa Cruz Tiger Sharks zone.
2:31 of 3rd period - Wrist shot by Zach Aston-Reese.
2:31 of 3rd period - Stopped by Carter Hart with a rebound.
2:35 of 3rd period - Wrist shot by Pierre-Edouard Bellemare.
2:35 of 3rd period - Stopped by Carter Hart with a rebound.
2:37 of 3rd period - Snap shot by Pierre-Edouard Bellemare.
2:37 of 3rd period - Shot Misses the Net.
2:39 of 3rd period - Wrist shot by Pierre-Edouard Bellemare.
2:39 of 3rd period - Deflect By Teddy Blueger.
2:39 of 3rd period - Goal by Teddy Blueger - Havana Tropicals : 2 - Santa Cruz Tiger Sharks : 1.
2:40 of 3rd period - Jack Roslovic wins face-off versus Teddy Blueger in neutral zone.
2:45 of 3rd period - Snap shot by Zach Aston-Reese.
2:45 of 3rd period - Shot Blocked by Jack Roslovic.
2:48 of 3rd period - Icing by Kristians Rubins.
2:49 of 3rd period - Jack Roslovic wins face-off versus Teddy Blueger in Santa Cruz Tiger Sharks zone.
3:03 of 3rd period - Off-side.
3:04 of 3rd period - Chris Tierney wins face-off versus Michael McLeod in neutral zone.
3:07 of 3rd period - Snap shot by Samuel Blais.
3:07 of 3rd period - Stopped by Carter Hart without a rebound.
3:08 of 3rd period - Michael McLeod wins face-off versus Chris Tierney in Santa Cruz Tiger Sharks zone.
3:08 of 3rd period - Michael McLeod is hit by Chris Tierney.
3:16 of 3rd period - Snap shot by Chris Tierney.
3:16 of 3rd period - Shot Misses the Net.
3:18 of 3rd period - Wrist shot by Milan Lucic.
3:18 of 3rd period - Shot Misses the Net.
3:20 of 3rd period - Wrist shot by Chris Tierney.
3:20 of 3rd period - Deflect By Milan Lucic.
3:20 of 3rd period - Stopped by Carter Hart with a rebound.
3:22 of 3rd period - Wrist shot by Samuel Blais.
3:22 of 3rd period - Stopped by Carter Hart without a rebound.
3:23 of 3rd period - Jack Roslovic wins face-off versus Teddy Blueger in Santa Cruz Tiger Sharks zone.
3:30 of 3rd period - Wrist shot by Jack Roslovic.
3:30 of 3rd period - Stopped by Eric Comrie without a rebound.
3:31 of 3rd period - Jack Roslovic wins face-off versus Teddy Blueger in Havana Tropicals zone.
3:38 of 3rd period - Snap shot by Kailer Yamamoto.
3:38 of 3rd period - Stopped by Eric Comrie with a rebound.
3:40 of 3rd period - Slapshot by Travis Boyd.
3:40 of 3rd period - Shot Misses the Net.
3:42 of 3rd period - Slapshot by Kailer Yamamoto.
3:42 of 3rd period - Shot Misses the Net.
3:44 of 3rd period - Slapshot by Sean Day.
3:44 of 3rd period - Deflect By Kailer Yamamoto.
3:44 of 3rd period - Shot Blocked by Zach Whitecloud.
3:44 of 3rd period - Puck is out of play.
3:45 of 3rd period - Milan Lucic wins face-off versus Michael McLeod in Havana Tropicals zone.
3:56 of 3rd period - Slapshot by Jesper Boqvist.
3:56 of 3rd period - Shot Misses the Net.
3:58 of 3rd period - Wrist shot by Jesper Boqvist.
3:58 of 3rd period - Shot Hit the Post.
4:00 of 3rd period - Wrist shot by Zachary Sanford.
4:00 of 3rd period - Stopped by Eric Comrie with a rebound.
4:39 of 3rd period - Minor Penalty to Philipp Kurashev for Hooking.
4:40 of 3rd period - Michael McLeod wins face-off versus Chris Tierney in Havana Tropicals zone.
5:13 of 3rd period - Off-side.
5:14 of 3rd period - Chris Tierney wins face-off versus Jack Roslovic in neutral zone.
5:23 of 3rd period - Snap shot by Milan Lucic.
5:23 of 3rd period - Shot Misses the Net.
5:25 of 3rd period - Wrist shot by Chris Tierney.
5:25 of 3rd period - Stopped by Carter Hart with a rebound.
5:37 of 3rd period - Zach Whitecloud is hit by Calle Rosen and loses puck.
6:39 of 3rd period - Penalty to Philipp Kurashev is over, Philipp Kurashev is back on ice.
7:10 of 3rd period - Minor Penalty to Pavel Dorofeyev for Interference.
7:11 of 3rd period - Teddy Blueger wins face-off versus Michael McLeod in Havana Tropicals zone.
7:22 of 3rd period - Icing by Jesper Boqvist.
7:23 of 3rd period - Teddy Blueger wins face-off versus Jesper Boqvist in Santa Cruz Tiger Sharks zone.
7:49 of 3rd period - Snap shot by Zachary Sanford.
7:49 of 3rd period - Shot Blocked by Tucker Poolman.
7:51 of 3rd period - Snap shot by Jesper Boqvist.
7:51 of 3rd period - Stopped by Eric Comrie with a rebound.
7:53 of 3rd period - Snap shot by Michael McLeod.
7:53 of 3rd period - Stopped by Eric Comrie with a rebound.
7:55 of 3rd period - Slapshot by Kristians Rubins.
7:55 of 3rd period - Stopped by Eric Comrie without a rebound.
7:56 of 3rd period - Jack Roslovic wins face-off versus Milan Lucic in Havana Tropicals zone.
7:59 of 3rd period - Wrist shot by Travis Boyd.
7:59 of 3rd period - Shot Hit the Post.
8:01 of 3rd period - Snap shot by Jack Roslovic.
8:01 of 3rd period - Goal by Jack Roslovic - Havana Tropicals : 2 - Santa Cruz Tiger Sharks : 2.
8:02 of 3rd period - Chris Tierney wins face-off versus Michael McLeod in neutral zone.
8:52 of 3rd period - Snap shot by Emil Bemstrom.
8:52 of 3rd period - Shot Misses the Net.
9:38 of 3rd period - Snap shot by Chris Tierney.
9:38 of 3rd period - Stopped by Carter Hart without a rebound.
9:39 of 3rd period - Jack Roslovic wins face-off versus Teddy Blueger in Santa Cruz Tiger Sharks zone.
9:46 of 3rd period - Tucker Poolman is hit by Kristians Rubins and loses puck.
10:05 of 3rd period - Michael McLeod is hit by Chris Tierney and loses puck.
10:14 of 3rd period - Snap shot by Zachary Sanford.
10:14 of 3rd period - Shot Misses the Net.
10:28 of 3rd period - Snap shot by Jesper Boqvist.
10:28 of 3rd period - Stopped by Eric Comrie without a rebound.
10:29 of 3rd period - Emil Bemstrom wins face-off versus Kevin Rooney in Havana Tropicals zone.
10:56 of 3rd period - Austin Strand is hit by Tucker Poolman and loses puck.
11:03 of 3rd period - Wrist shot by Pierre-Edouard Bellemare.
11:03 of 3rd period - Stopped by Carter Hart with a rebound.
11:05 of 3rd period - Slapshot by Pierre-Edouard Bellemare.
11:05 of 3rd period - Shot Misses the Net.
11:07 of 3rd period - Backhand shot by Pierre-Edouard Bellemare.
11:07 of 3rd period - Shot Blocked by Calle Rosen.
11:34 of 3rd period - Icing by Calle Rosen.
11:35 of 3rd period - Jesper Boqvist wins face-off versus Henrik Borgstrom in Santa Cruz Tiger Sharks zone.
11:40 of 3rd period - Wrist shot by Kailer Yamamoto.
11:40 of 3rd period - Stopped by Eric Comrie with a rebound.
11:42 of 3rd period - Snap shot by Kailer Yamamoto.
11:42 of 3rd period - Stopped by Eric Comrie with a rebound.
11:44 of 3rd period - Snap shot by Calle Rosen.
11:44 of 3rd period - Stopped by Eric Comrie with a rebound.
11:46 of 3rd period - Snap shot by Jack Roslovic.
11:46 of 3rd period - Shot Misses the Net.
11:48 of 3rd period - Backhand shot by Calle Rosen.
11:48 of 3rd period - Stopped by Eric Comrie without a rebound.
11:49 of 3rd period - Teddy Blueger wins face-off versus Michael McLeod in Havana Tropicals zone.
12:40 of 3rd period - Off-side.
12:41 of 3rd period - Teddy Blueger wins face-off versus Alexander Volkov in neutral zone.
12:44 of 3rd period - Alexander Volkov is hit by Zach Aston-Reese and loses puck.
12:55 of 3rd period - Slapshot by Kieffer Bellows.
12:55 of 3rd period - Stopped by Eric Comrie without a rebound.
12:56 of 3rd period - Michael McLeod wins face-off versus Chris Tierney in Havana Tropicals zone.
13:50 of 3rd period - Wrist shot by Pavel Dorofeyev.
13:50 of 3rd period - Shot Misses the Net.
14:02 of 3rd period - Philipp Kurashev is hit by Hunter Drew.
14:20 of 3rd period - Wrist shot by Jesper Boqvist.
14:20 of 3rd period - Shot Blocked by Alexander Nylander.
14:22 of 3rd period - Slapshot by Hunter Drew.
14:22 of 3rd period - Stopped by Eric Comrie with a rebound.
14:24 of 3rd period - Snap shot by Zachary Sanford.
14:24 of 3rd period - Shot Blocked by Tucker Poolman.
15:02 of 3rd period - Backhand shot by Teddy Blueger.
15:02 of 3rd period - Stopped by Carter Hart with a rebound.
15:04 of 3rd period - Snap shot by Dennis Cholowski.
15:04 of 3rd period - Stopped by Carter Hart with a rebound.
15:06 of 3rd period - Wrist shot by Zach Aston-Reese.
15:06 of 3rd period - Stopped by Carter Hart without a rebound.
15:07 of 3rd period - Pavel Dorofeyev wins face-off versus Kevin Rooney in Santa Cruz Tiger Sharks zone.
15:10 of 3rd period - Snap shot by Philipp Kurashev.
15:10 of 3rd period - Shot Misses the Net.
15:12 of 3rd period - Snap shot by Dennis Cholowski.
15:12 of 3rd period - Shot Blocked by Kieffer Bellows.
15:14 of 3rd period - Slapshot by Dennis Cholowski.
15:14 of 3rd period - Deflect By Pavel Dorofeyev.
15:14 of 3rd period - Shot Misses the Net.
15:14 of 3rd period - Puck is out of play.
15:15 of 3rd period - Philipp Kurashev wins face-off versus Kevin Rooney in Santa Cruz Tiger Sharks zone.
16:15 of 3rd period - Wrist shot by Philipp Kurashev.
16:15 of 3rd period - Stopped by Carter Hart without a rebound.
16:16 of 3rd period - Henrik Borgstrom wins face-off versus Jack Roslovic in Santa Cruz Tiger Sharks zone.
16:31 of 3rd period - Snap shot by Kailer Yamamoto.
16:31 of 3rd period - Shot Blocked by Alexander Nylander.
17:15 of 3rd period - Snap shot by Samuel Blais.
17:15 of 3rd period - Deflect By Chris Tierney.
17:15 of 3rd period - Stopped by Carter Hart with a rebound.
17:43 of 3rd period - Icing by Timothy Liljegren.
17:44 of 3rd period - Henrik Borgstrom wins face-off versus Jack Roslovic in Havana Tropicals zone.
18:11 of 3rd period - Emil Bemstrom is hit by Kevin Rooney and loses puck.
18:20 of 3rd period - Slapshot by Timothy Liljegren.
18:20 of 3rd period - Stopped by Carter Hart with a rebound.
19:21 of 3rd period - Wrist shot by Dean Kukan.
19:21 of 3rd period - Stopped by Carter Hart with a rebound.
19:30 of 3rd period - Icing by Dean Kukan.
19:31 of 3rd period - Michael McLeod wins face-off versus Henrik Borgstrom in Havana Tropicals zone.
Goals for this period are 1 for Havana Tropicals vs 1 for Santa Cruz Tiger Sharks.
Shots for this period are 19 for Havana Tropicals vs 16 for Santa Cruz Tiger Sharks.
Overtime #1
0:01 of 1st overtime period - Teddy Blueger wins face-off versus Travis Boyd in neutral zone.
0:08 of 1st overtime period - Slapshot by Zach Aston-Reese.
0:08 of 1st overtime period - Stopped by Carter Hart without a rebound.
0:09 of 1st overtime period - Teddy Blueger wins face-off versus Jack Roslovic in Santa Cruz Tiger Sharks zone.
0:37 of 1st overtime period - Wrist shot by Teddy Blueger.
0:37 of 1st overtime period - Shot Misses the Net.
1:11 of 1st overtime period - Pierre-Edouard Bellemare is hit by Travis Boyd and loses puck.
1:40 of 1st overtime period - Slapshot by Travis Boyd.
1:40 of 1st overtime period - Stopped by Eric Comrie with a rebound.
1:56 of 1st overtime period - Robert Bortuzzo is hit by Kailer Yamamoto and loses puck.
2:05 of 1st overtime period - Snap shot by Kailer Yamamoto.
2:05 of 1st overtime period - Shot Misses the Net.
2:07 of 1st overtime period - Snap shot by Calle Rosen.
2:07 of 1st overtime period - Stopped by Eric Comrie without a rebound.
2:08 of 1st overtime period - Michael McLeod wins face-off versus Chris Tierney in Havana Tropicals zone.
2:23 of 1st overtime period - Snap shot by Samuel Blais.
2:23 of 1st overtime period - Shot Misses the Net.
3:25 of 1st overtime period - Snap shot by Kieffer Bellows.
3:25 of 1st overtime period - Shot Misses the Net.
3:27 of 1st overtime period - Snap shot by Wyatt Kalynuk.
3:27 of 1st overtime period - Shot Misses the Net.
3:29 of 1st overtime period - Slapshot by Kieffer Bellows.
3:29 of 1st overtime period - Stopped by Eric Comrie with a rebound.
4:17 of 1st overtime period - Slapshot by Dean Kukan.
4:17 of 1st overtime period - Shot Hit the Post.
4:34 of 1st overtime period - Jesper Boqvist is hit by Pavel Dorofeyev and loses puck.
4:56 of 1st overtime period - Icing by Hunter Drew.
4:57 of 1st overtime period - Steven Lorentz wins face-off versus Chris Tierney in Santa Cruz Tiger Sharks zone.
6:14 of 1st overtime period - Slapshot by Evgeny Svechnikov.
6:14 of 1st overtime period - Stopped by Eric Comrie without a rebound.
6:15 of 1st overtime period - Michael McLeod wins face-off versus Philipp Kurashev in Havana Tropicals zone.
7:24 of 1st overtime period - Steven Lorentz is hit by Timothy Liljegren and loses puck.
7:31 of 1st overtime period - Slapshot by Emil Bemstrom.
7:31 of 1st overtime period - Shot Misses the Net.
8:08 of 1st overtime period - Minor Penalty to Timothy Liljegren for Holding.
8:09 of 1st overtime period - Jack Roslovic wins face-off versus Chris Tierney in Havana Tropicals zone.
8:39 of 1st overtime period - Teddy Blueger is hit by Kristians Rubins.
9:12 of 1st overtime period - Milan Lucic is hit by Zachary Sanford and loses puck.
10:08 of 1st overtime period - Penalty to Timothy Liljegren is over, Timothy Liljegren is back on ice.
10:40 of 1st overtime period - Chris Tierney is hit by Steven Lorentz and loses puck.
10:49 of 1st overtime period - Samuel Blais is hit by David Gustafsson and loses puck.
11:14 of 1st overtime period - Kieffer Bellows is hit by Nolan Foote and loses puck.
11:25 of 1st overtime period - Philipp Kurashev is hit by Steven Lorentz and loses puck.
11:46 of 1st overtime period - Robert Bortuzzo is hit by Hunter Drew and loses puck.
12:03 of 1st overtime period - Milan Lucic is hit by Wyatt Kalynuk.
12:51 of 1st overtime period - Sean Day is hit by Zach Aston-Reese and loses puck.
13:11 of 1st overtime period - Alexander Nylander is hit by Hunter Drew and loses puck.
13:24 of 1st overtime period - Zachary Sanford is hit by Pavel Dorofeyev and loses puck.
13:47 of 1st overtime period - Kailer Yamamoto is hit by Samuel Blais and loses puck.
13:58 of 1st overtime period - Timothy Liljegren is hit by Kristians Rubins and loses puck.
14:18 of 1st overtime period - Henrik Borgstrom is hit by Evgeny Svechnikov and loses puck.
14:36 of 1st overtime period - Timothy Liljegren is hit by Michael McLeod and loses puck.
16:21 of 1st overtime period - Samuel Blais is hit by Kevin Rooney.
16:38 of 1st overtime period - Austin Strand is hit by Zach Whitecloud and loses puck.
16:49 of 1st overtime period - Emil Bemstrom is hit by Michael McLeod and loses puck.
17:10 of 1st overtime period - Teddy Blueger is hit by Evgeny Svechnikov and loses puck.
17:19 of 1st overtime period - Zach Aston-Reese is hit by Steven Lorentz.
19:26 of 1st overtime period - Austin Strand is hit by Philipp Kurashev and loses puck.
Goals for this period are 0 for Havana Tropicals vs 0 for Santa Cruz Tiger Sharks.
Shots for this period are 1 for Havana Tropicals vs 4 for Santa Cruz Tiger Sharks.
Overtime #2
0:01 of 2nd overtime period - Milan Lucic wins face-off versus Michael McLeod in neutral zone.
0:03 of 2nd overtime period - Zach Whitecloud is hit by Sean Day.
0:07 of 2nd overtime period - Wrist shot by Milan Lucic.
0:07 of 2nd overtime period - Stopped by Carter Hart without a rebound.
0:08 of 2nd overtime period - Michael McLeod wins face-off versus Chris Tierney in Santa Cruz Tiger Sharks zone.
0:17 of 2nd overtime period - Snap shot by Chris Tierney.
0:17 of 2nd overtime period - Shot Misses the Net.
0:21 of 2nd overtime period - Wrist shot by Samuel Blais.
0:21 of 2nd overtime period - Shot Misses the Net.
0:32 of 2nd overtime period - Off-side.
0:33 of 2nd overtime period - Jack Roslovic wins face-off versus Zach Aston-Reese in neutral zone.
0:49 of 2nd overtime period - Wrist shot by Teddy Blueger.
0:49 of 2nd overtime period - Deflect By Zach Aston-Reese.
0:49 of 2nd overtime period - Stopped by Carter Hart with a rebound.
1:32 of 2nd overtime period - Snap shot by Samuel Blais.
1:32 of 2nd overtime period - Stopped by Carter Hart without a rebound.
1:33 of 2nd overtime period - Michael McLeod wins face-off versus Zach Aston-Reese in Santa Cruz Tiger Sharks zone.
1:40 of 2nd overtime period - Snap shot by Teddy Blueger.
1:40 of 2nd overtime period - Stopped by Carter Hart with a rebound.
1:42 of 2nd overtime period - Slapshot by Teddy Blueger.
1:42 of 2nd overtime period - Stopped by Carter Hart without a rebound.
1:43 of 2nd overtime period - Michael McLeod wins face-off versus Teddy Blueger in Santa Cruz Tiger Sharks zone.
2:53 of 2nd overtime period - Off-side.
2:54 of 2nd overtime period - Jack Roslovic wins face-off versus Chris Tierney in neutral zone.
2:58 of 2nd overtime period - Off-side.
2:59 of 2nd overtime period - Chris Tierney wins face-off versus Jack Roslovic in neutral zone.
3:10 of 2nd overtime period - Wrist shot by Chris Tierney.
3:10 of 2nd overtime period - Deflect By Samuel Blais.
3:10 of 2nd overtime period - Shot Misses the Net.
3:10 of 2nd overtime period - Puck is out of play.
3:11 of 2nd overtime period - Chris Tierney wins face-off versus Jack Roslovic in Santa Cruz Tiger Sharks zone.
4:17 of 2nd overtime period - Wrist shot by Zach Aston-Reese.
4:17 of 2nd overtime period - Shot Misses the Net.
4:23 of 2nd overtime period - Teddy Blueger is hit by Zachary Sanford and loses puck.
6:12 of 2nd overtime period - Snap shot by Jack Roslovic.
6:12 of 2nd overtime period - Shot Misses the Net.
6:14 of 2nd overtime period - Backhand shot by Sean Day.
6:14 of 2nd overtime period - Stopped by Eric Comrie with a rebound.
6:16 of 2nd overtime period - Wrist shot by Jack Roslovic.
6:16 of 2nd overtime period - Shot Blocked by Chris Tierney.
6:56 of 2nd overtime period - Philipp Kurashev is hit by Kieffer Bellows and loses puck.
7:45 of 2nd overtime period - Slapshot by Dennis Cholowski.
7:45 of 2nd overtime period - Stopped by Carter Hart with a rebound.
8:09 of 2nd overtime period - Snap shot by Kieffer Bellows.
8:09 of 2nd overtime period - Shot Blocked by Dean Kukan.
8:22 of 2nd overtime period - Icing by Dennis Cholowski.
8:23 of 2nd overtime period - Jack Roslovic wins face-off versus Philipp Kurashev in Havana Tropicals zone.
8:24 of 2nd overtime period - Slapshot by Kailer Yamamoto.
8:24 of 2nd overtime period - Shot Misses the Net.
8:59 of 2nd overtime period - Wrist shot by Pavel Dorofeyev.
8:59 of 2nd overtime period - Stopped by Carter Hart with a rebound.
9:01 of 2nd overtime period - Snap shot by Pavel Dorofeyev.
9:01 of 2nd overtime period - Havana Tropicals goal is going for a video replay.
9:01 of 2nd overtime period - The goal is good.
9:01 of 2nd overtime period - Goal by Pavel Dorofeyev - Havana Tropicals : 3 - Santa Cruz Tiger Sharks : 2.
Goals for this period are 1 for Havana Tropicals vs 0 for Santa Cruz Tiger Sharks.
Shots for this period are 8 for Havana Tropicals vs 1 for Santa Cruz Tiger Sharks.
Back to the Top